Map: Persephone LE

Players

ManlyManMeat - Winner!

  • Race: Zerg Zerg
  • League: Diamond
  • Spawn Location: 7:00

VOD

Have the link to the VOD?

Description

Time

  • Played on: July 1, 2025, 10:43 a.m.
  • Length: 111:18
Show
View Real Time Build Order
Export as new Build Order

ManlyManMeat Zerg - Winner!

Build Orders:  

Get SALT Encoding   

  12  0:01  Drone  
  13  0:13  Drone  
  14  0:20  Extractor  
  14  0:21  Drone  
  15  0:39  Overlord  
  15  1:03  Hatchery  
  15  1:06  Drone  
  15  1:13  Drone  
  16  1:22  Drone  
  16  1:23  Drone  
  18  1:38  Drone  
  19  1:50  Extractor  
  19  1:52  Drone, Spawning Pool  
  18  2:06  Drone  
  19  2:22  Drone  
  20  2:58  Queen x2  
  24  3:01  Drone x3  
  24  3:06  Overlord  
  27  3:12  Overlord  
  27  3:20  Extractor  
  26  3:33  Drone x2, Roach Warren  
  26  3:38  Drone x2  
  29  3:50  Drone  
  29  3:56  Drone  
  31  4:12  Drone x2  
  33  4:31  Roach  
  33  4:32  Roach x2  
  33  4:35  Lair  
  39  4:42  Hatchery  
  38  4:51  Overlord  
  38  4:58  Drone x2  
  38  4:59  Drone  
  41  5:01  Drone  
  41  5:03  Drone  
  43  5:15  Drone  
  44  5:31  Roach x4  
  52  5:58  Infestation Pit  
  51  6:07  Queen, Spire  
  51  6:09  Overlord x2  
  52  6:10  Overlord  
  52  6:24  Drone x2  
  52  6:26  Drone x2  
  52  6:27  Drone x2  
  58  6:33  Overlord  
  58  7:03  Queen  
  58  7:06  Drone x4  
  58  7:07  Drone x2  
  66  7:12  Roach  
  68  7:23  Extractor  
  68  7:24  Drone x2  
  68  7:25  Drone x2, Extractor  
  68  7:26  Drone  
  68  7:27  Drone  
  68  7:28  Drone  
  68  7:29  Hive  
  73  7:30  Drone  
  74  7:54  Drone  
  74  7:55  Drone x2  
  77  8:16  Drone  
  77  8:17  Drone x4  
  82  8:38  Overlord x2  
  82  8:39  Overlord  
  82  8:43  Hatchery  
  82  8:47  Greater Spire  
  81  8:56  Hatchery  
  81  8:57  Hatchery  
  79  9:10  Overlord x3  
  79  9:11  Overlord  
  79  9:13  Drone x2  
  79  9:14  Drone  
  79  9:19  Extractor  
  81  9:21  Drone x2, Extractor  
  81  9:22  Drone x2  
  81  9:23  Drone  
  81  9:24  Drone x3  
  88  9:31  Drone  
  88  9:32  Drone  
  88  9:39  Extractor  
  89  9:44  Zergling x6  
  89  9:45  Zergling x4  
  89  9:46  Extractor  
  93  10:04  Roach x4  
  101  10:14  Corruptor x2  
  105  10:34  Corruptor x2  
  105  10:35  Corruptor x3  
  105  10:36  Zerg Flyer Weapons Level 1  
  115  10:44  Evolution Chamber  
  115  10:45  Drone x2  
  115  10:46  Evolution Chamber  
  115  10:48  Drone x4  
  115  10:49  Drone x4  
  123  10:52  Adrenal Overload  
  123  11:16  Corruptor x5  
  133  11:22  Roach x2  
  133  11:23  Zergling x8  
  133  11:24  Zergling x8  
  145  11:37  Drone x3  
  145  11:38  Drone x4  
  145  11:39  Drone x2  
  154  11:40  Drone x2  
  154  11:42  Drone x2  
  158  12:06  Brood Lord  
  158  12:07  Brood Lord x2  
  158  12:09  Overlord x3  
  164  12:10  Overlord  
  164  12:29  Overlord x3  
  164  12:30  Overlord x2  
  164  12:37  Zerg Melee Weapons Level 1, Zerg Ground Armor Level 1  
  164  12:38  Neural Parasite  
  164  12:41  Glial Reconstitution  
  164  12:42  Overseer  
  164  12:47  Overseer  
  164  12:50  Brood Lord x3  
  164  12:54  Drone x2  
  164  12:55  Drone x4  
  164  12:56  Drone x4  
  164  12:58  Extractor  
  164  12:59  Drone  
  180  13:00  Drone  
  180  13:01  Drone  
  180  13:03  Drone, Extractor  
  180  13:04  Drone  
  180  13:05  Drone  
  180  13:09  Pneumatized Carapace  
  184  13:22  Unknown  
  141  13:50  Corruptor x5  
  141  13:51  Brood Lord  
  143  14:04  Brood Lord  
  145  14:18  Queen  
  147  14:21  Queen  
  149  14:33  Brood Lord x3  
  155  14:41  Drone x3  
  155  14:42  Drone x2  
  155  14:43  Drone  
  155  14:48  Drone x5  
  155  14:49  Drone x3  
  169  14:51  Brood Lord x2  
  173  15:07  Overseer  
  153  15:54  Corruptor  
  153  15:55  Corruptor x11  
  173  16:28  Corruptor x6  
  185  16:38  Zerg Flyer Armor Level 1  
  169  17:13  Corruptor x7  
  169  17:14  Corruptor  
  179  17:42  Brood Lord  
  179  17:45  Brood Lord  
  175  18:13  Brood Lord  
  175  18:15  Brood Lord  
  177  18:23  Zerg Melee Weapons Level 2, Zerg Ground Armor Level 2  
  177  18:58  Brood Lord  
  175  19:03  Brood Lord  
  175  19:04  Brood Lord x2  
  181  19:18  Zerg Flyer Weapons Level 2  
  181  19:55  Corruptor x2  
  181  19:56  Corruptor x7  
  195  20:53  Hatchery  
  188  21:00  Brood Lord  
  188  21:02  Hatchery, Brood Lord  
  188  21:03  Brood Lord  
  188  21:06  Hatchery  
  192  21:10  Hatchery  
  192  21:17  Brood Lord x6  
  199  21:39  Corruptor  
  199  21:47  Zerg Melee Weapons Level 3, Zerg Ground Armor Level 3  
  199  22:07  Brood Lord x2  
  199  22:28  Zerg Flyer Armor Level 2  
Tags
 
League
Diamond
Matchup
Co-op
Replay Pack
Myownreplay2
Add a new tag
Caveats
  • Supply blocks, unpowered buildings, or Contaminate may cause inaccurate times.
  • Supply counts are checked every 10 seconds.